 Dungeon Crawl Stone Soup version 0.29.1-4-g47bece8355 (webtiles) character file.

Game seed: 2579435347527410224

1817 concernfroge the Fighter (level 8, -10/72 HPs)
             Began as a Mummy Monk on Dec 9, 2022.
             Was a Priest of Cheibriados.
             Mangled by Maggie
             ... wielding a +1 war axe of distortion
              (12 damage)
             ... on level 6 of the Dungeon.
             The game lasted 00:20:08 (5438 turns).

concernfroge the Fighter (Mummy Monk)               Turns: 5438, Time: 00:20:08

Health: -10/72     AC: 15    Str: 23    XL:     8   Next: 85%
Magic:  6/9        EV: 10    Int: 16    God:    Cheibriados [***...]
Gold:   363        SH:  0    Dex: 22    Spells: 7/7 levels left

rFire   x . .      SeeInvis .   a - +0 trident
rCold   + . .      Faith    .   (no shield)
rNeg    + + +      Spirit   .   o - +0 chain mail
rPois   ∞          Reflect  .   c - +1 helmet
rElec   .          Harm     .   p - scarf {repulsion}
rCorr   +          Rampage  .   i - +0 pair of gloves
Will    +....                   (no boots)
Stlth   ..........              (no amulet)
HPRegen 0.22/turn               f - +4 ring of protection
MPRegen 0.11/turn               g - ring of resist corrosion

@: mesmerised, repel missiles, very slow
A: cold resistance 1, negative energy resistance 3, torment resistance 2, heat
vulnerability 1, in touch with death 1, no potions
a: Renounce Religion, Bend Time, Temporal Distortion


You were on level 6 of the Dungeon.
You worshipped Cheibriados.
Cheibriados was most pleased with you.
You visited 1 branch of the dungeon, and saw 6 of its levels.

You collected 363 gold pieces.

Inventory:

Hand Weapons
 a - a +0 trident (weapon)
Missiles
 k - 10 poisoned darts (quivered)
Armour
 c - a +1 helmet (worn)
 i - a +0 pair of gloves (worn)
 o - a +0 chain mail (worn)
 p - a scarf of repulsion (worn)
Jewellery
 f - a +4 ring of protection (left hand)
 g - a ring of resist corrosion (right hand)
 m - a +4 ring of protection
Wands
 h - a wand of flame (20)
Scrolls
 b - 3 scrolls of blinking
 e - a scroll of amnesia
 j - 2 scrolls of noise
 n - 2 scrolls of enchant weapon


   Skills:
 - Level 10.0 Fighting
 + Level 3.3 Polearms
 + Level 2.1 Armour
 + Level 3.4 Dodging
 - Level 1.5 Stealth
 + Level 2.4 Invocations
 + Level 2.1 Evocations


You had 7 spell levels left.
You didn't know any spells.
Your spell library contained the following spells:

 Spells                   Type           Power      Damage    Failure   Level
 Magic Dart               Conj           0%         1d3       91%         1
 Sting                    Tmut/Pois      0%         1d3       91%         1
 Call Imp                 Summ           0%         N/A       97%         2
 Ensorcelled Hibernation  Hex/Ice        0%         N/A       97%         2
 Poisonous Vapours        Pois/Air       0%         N/A       97%         2
 Static Discharge         Conj/Air       0%         3-3/arc   97%         2
 Ignite Poison            Fire/Tmut/Pois 0%         N/A       99%         3
 Mephitic Cloud           Conj/Pois/Air  0%         N/A       99%         3
 Anguish                  Hex/Necr       0%         N/A       100%        4
 Corpse Rot               Necr/Pois/Air  0%         N/A       100%        4
 Dispel Undead            Necr           0%         3d6       100%        4
 Olgreb's Toxic Radiance  Pois           0%         N/A       100%        4
 Sticky Flame             Conj/Fire      0%         2d3       100%        4
 Alistair's Intoxication  Tmut/Pois      0%         N/A       100%        5
 Borgnjor's Vile Clutch   Necr/Erth      0%         N/A       100%        5
 Freezing Cloud           Conj/Ice/Air   0%         6-21      100%        5
 Eringya's Noxious Bog    Tmut/Pois      0%         N/A       100%        6
 Spider Form              Tmut/Pois      Unusable   N/A       N/A         3

Dungeon Overview and Level Annotations

Branches:
Dungeon (6/15)             Temple (0/1) D:6

Altars:
Ashenzari
Cheibriados
Dithmenos
Fedhas
Hepliaklqana
Okawaru
Qazlal
Trog
Vehumet

Annotations:
D:2 exclusion: downstairs
D:6 Maggie


Innate Abilities, Weirdness & Mutations

You are immune to poison.
Your flesh is cold resistant. (rC+)
You are immune to negative energy. (rN+++)
You are immune to unholy pain and torment.
You are vulnerable to heat. (rF-)
You are in touch with the powers of death.
You do not drink.


Message History

You throw an atropa-tipped dart.
The atropa-tipped dart closely misses Maggie.
Maggie barely misses you.
Throw: dart (atropa)
Press: ? - help, Q - select action, (/) - cycle Shift-Dir - straight line, f/p - Maggie
Aim: Maggie, wielding a +1 war axe of distortion and wearing +0 acid dragon scales (mesmerising, 68% to hit, chance to blind on hit: 27%)
You throw an atropa-tipped dart. The atropa-tipped dart hits Maggie.
Maggie appears confused.
You are no longer entranced.
Maggie seems less confused.
You see here an iguana corpse.
Maggie is no longer blind.
Maggie mumbles some strange words.
Maggie attempts to bespell you! You resist with some effort.
Maggie attacks as you move away! Maggie closely misses you.
Maggie points at you and mumbles some strange words.
The bolt of fire hits you!!! The fire burns you terribly!
Ouch! That really hurt!
* * * LOW HITPOINT WARNING * * *
Okay, then.
Maggie gestures wildly while chanting.
Maggie attempts to bespell you!
You are mesmerised by Maggie!
Throw: 10 darts (poison)
Press: ? - help, Q - select action, (/) - cycle Shift-Dir - straight line, f/p - Maggie
Aim: Maggie, wielding a +1 war axe of distortion and wearing +0 acid dragon scales (mesmerising, 68% to hit)
Okay, then.
Okay, then.
Reach: a) +0 trident
Press: ? - help, Dir - move target, f/p - Maggie
Aim: Maggie, wielding a +1 war axe of distortion and wearing +0 acid dragon scales (mesmerising, about 32% to evade your +0 trident)
You reach to attack!
You closely miss Maggie. The flow of time bends around you.
Cheibriados rebukes Maggie.
Maggie seems to slow down.
Maggie misses you.
You closely miss Maggie.
Maggie hits you with a +1 war axe of distortion!
* * * LOW HITPOINT WARNING * * *
Space warps horribly around you!
You die...

#......# #... ........#
#......# #...
........####......###...
........................
........................
........................
........................
..#.....................
...⌠...@#####........###
.......@#####..!.....# #
.⌠.>.⌠..##....#......# #
........##.#..#......# #
...⌠....##....#......# #
........####...###+#.###
.................+ +....
#####.#..†.......# #####
...#(.(.........# #


You could see Maggie (mesmerising, slow).

Vanquished Creatures
  An oklob plant (D:4)
  Edmund (D:5)
  A black bear (D:5)
  2 ice beasts (D:6)
  3 ogres
  A centaur (D:5)
  A phantom (D:6)
  A necrophage (D:4)
  2 hounds
  A jelly (D:6)
  4 orc priests
  An iguana (D:6)
  7 orc wizards
  7 adders
  2 ufetubi
  3 dart slugs
  5 worms
  14 orcs
  A ball python (D:4)
  6 endoplasms
  3 giant cockroaches
  7 goblins
  8 hobgoblins
  4 quokkas
  5 bats
  2 frilled lizards
  5 kobolds
  4 rats
102 creatures vanquished.

Vanquished Creatures (collateral kills)
  A scorpion (D:4)
  An orc priest (D:3)
  An adder (D:3)
  3 orcs (D:3)
  A giant cockroach (D:3)
  A goblin (D:4)
  2 kobolds
10 creatures vanquished.

Vanquished Creatures (others)
  A fungus (D:4)
  6 plants
7 creatures vanquished.

Grand Total: 119 creatures vanquished

Notes
Turn   | Place    | Note
-------+----------+-------------------------------------------
     0 | D:1      | concernfroge the Mummy Monk began the quest for the Orb.
     0 | D:1      | Reached XP level 1. HP: 18/18 MP: 1/1
   271 | D:1      | Reached XP level 2. HP: 24/24 MP: 2/2
   883 | D:2      | Reached skill level 4 in Fighting
   921 | D:2      | Gained mutation: You are in touch with the powers of death.
                  | [Mummy growth]
   921 | D:2      | Reached XP level 3. HP: 27/30 MP: 3/3
  1101 | D:2      | Found a faded altar of an unknown god.
  1370 | D:2      | Reached skill level 5 in Fighting
  1370 | D:2      | Reached XP level 4. HP: 34/39 MP: 4/4
  1683 | D:3      | Noticed an ogre
  1738 | D:3      | Found a radiant altar of Vehumet.
  1884 | D:3      | Found a faded altar of an unknown god.
  1943 | D:3      | Killed an ogre
  1944 | D:3      | Reached skill level 6 in Fighting
  1944 | D:3      | Reached XP level 5. HP: 16/46 MP: 5/5
  2153 | D:3      | Found an iron altar of Okawaru.
  2344 | D:4      | Noticed an ogre
  2467 | D:3      | Found a snail-covered altar of Cheibriados.
  2581 | D:3      | Became a worshipper of Cheibriados the Contemplative
  2581 | D:3      | Reached * piety under Cheibriados
  2581 | D:3      | Reached ** piety under Cheibriados
  2592 | D:4      | Killed an ogre
  2593 | D:4      | Reached skill level 7 in Fighting
  2593 | D:4      | Reached XP level 6. HP: 47/55 MP: 6/6
  2636 | D:4      | Found a bloodstained altar of Trog.
  3036 | D:4      | Found a blossoming altar of Fedhas.
  3048 | D:4      | Noticed an oklob plant
  3084 | D:4      | Killed an oklob plant
  3085 | D:4      | Reached skill level 9 in Fighting
  3085 | D:4      | Reached XP level 7. HP: 22/64 MP: 7/7
  3638 | D:3      | Found a broken altar of Ashenzari.
  3647 | D:3      | Noticed a fire elemental
  3654 | D:3      | Found a stormy altar of Qazlal.
  3655 | D:3      | Noticed an air elemental
  3655 | D:3      | Noticed a water elemental
  3817 | D:5      | Entered Level 5 of the Dungeon
  3971 | D:5      | Reached XP level 8. HP: 63/72 MP: 8/8
  4278 | D:5      | Noticed Edmund
  4286 | D:5      | Killed Edmund
  4287 | D:5      | Reached skill level 10 in Fighting
  4396 | D:5      | Reached *** piety under Cheibriados
  4397 | D:5      | Reached skill level 1 in Invocations
  4403 | D:5      | Reached skill level 1 in Armour
  4403 | D:5      | Reached skill level 1 in Evocations
  4778 | D:5      | Found a hazy altar of Hepliaklqana.
  4971 | D:5      | Found a shadowy altar of Dithmenos.
  5409 | D:6      | Found a staircase to the Ecumenical Temple.
  5414 | D:6      | Noticed Maggie
  5438 | D:6      | HP: 2/72 [Maggie/+1 war axe of distortion (14)]
  5438 | D:6      | Mangled by Maggie

Illustrated notes

Levels and vault maps discovered:
D:1:      dpeg_arrival_rooms_b, layout_loops_ring, serial_bayou,
          serial_bayou_pond_d, serial_bayou_crossing, serial_bayou_ford_a,
          serial_bayou_pond_e, serial_bayou_shore_b, minmay_heptomino_l4
D:2:      layout_loops_ring, hellmonk_ecumenical_altar_run_dry,
          minmay_misc_feat_chi
D:3:      layout_rooms, mainiacjoe_overflow_six_doors_small,
          nicolae_qazlal_style_of_elements, nicolae_overflow_ecumenical_swirl,
          ashenzari_altar_1, mainiacjoe_overflow_catwalk_spiral,
          chequers_serial_rivers_large_a
D:4:      layout_cave_pools, tgw_fedhas, mainiacjoe_overflow_chevrons
D:5:      layout_basic, marbit_many_paths, kennysheep_little_box, uniq_edmund
D:6:      layout_basic, temple_fountains, serial_shops, kennysheep_mini,
          uniq_maggie

Skill      XL: |  1  2  3  4  5  6  7  8 |
---------------+-------------------------+-----
Fighting       | 4 5 6 7 9 10 | 10.0
Invocations    | 2 |  2.4
Armour         | 2 |  2.1
Evocations     | 2 |  2.1
Dodging        | 3 |  3.4
Polearms       | 3 |  3.3
Stealth        | |  1.5

Action                   |  1- 3 |  4- 6 |  7- 9 || total
-------------------------+-------+-------+-------++-------
Melee: Spear             |    59 |       |       ||    59
       Quarterstaff      |    56 |     2 |       ||    58
       Punch             |     1 |     3 |     1 ||     5
       Trident           |       |   157 |   215 ||   372
Throw: Dart              |       |     3 |     5 ||     8
Invok: Bend Time         |       |       |     1 ||     1
Evoke: Wand              |       |    15 |       ||    15
  Use: Scroll            |       |     9 |     3 ||    12
 Stab: Sleeping          |     2 |       |       ||     2
       Invisible         |       |       |     1 ||     1
Armor: Robe              |     5 |       |       ||     5
       Ring mail         |    43 |     1 |       ||    44
       Chain mail        |       |   146 |   214 ||   360
Dodge: Dodged            |    62 |    93 |   155 ||   310
       Repelled          |       |     6 |     2 ||     8
